 Dungeon Crawl Stone Soup version 0.32-a0-468-g38b2580584 (webtiles) character file.

Game seed: 222762347889915616

160 Dirtsage the Chopper (level 5, -6/45 HPs)
             Began as a Mountain Dwarf Fighter on Feb 24, 2024.
             Killed by divine providence
             ... invoked by an orc priest
              (9 damage)
             ... on level 3 of the Dungeon.
             The game lasted 00:02:22 (1778 turns).

Dirtsage the Chopper (Mountain Dwarf Fighter)       Turns: 1778, Time: 00:02:23

Health: -6/45      AC:  6    Str: 20    XL:     5   Next: 17%
Magic:  5/5        EV:  9    Int:  9    God:
Gold:   155        SH:  4    Dex:  9    Spells: 4/4 levels left

rFire   . . .        a - +0 war axe
rCold   . . .        c - +0 buckler
rNeg    . . .        b - +0 scale mail
rPois   .            (no helmet)
rElec   .            (no cloak)
rCorr   .            (no gloves)
SInv    .            (no boots)
Will    .....        (no amulet) Stlth
                     (no ring)
HPRegen 0.27/turn    (no ring)
MPRegen 0.09/turn

%: no passive effects
@: no status effects
A: runic magic, artefact enchanting
a: Convert to Beogh


You were on level 3 of the Dungeon.
You visited 1 branch of the dungeon, and saw 3 of its levels.

You collected 155 gold pieces.

Inventory:

Hand Weapons
 a - a +0 war axe (weapon)
 p - a +4 mace
Armour
 b - a +0 scale mail (worn)
 c - a +0 buckler (worn)
Wands
 r - a wand of polymorph (9)
Scrolls
 i - 2 scrolls of revelation {unknown}
 j - a scroll of immolation {unknown}
 k - a scroll of acquirement {unknown}
 l - 2 scrolls of identify {unknown}
 m - a scroll of enchant weapon {unknown}
 n - a scroll of torment {unknown}
 o - 2 scrolls of fog {unknown}
Potions
 d - a potion of might
 e - 2 potions of magic {unknown}
 f - 4 potions of curing {unknown}
 g - a potion of haste {unknown}
 h - 2 potions of invisibility {unknown}
 q - a potion of berserk rage {unknown}


   Skills:
 - Level 3.2 Fighting
 + Level 6.6 Axes
 - Level 3.2 Armour
 - Level 3.2 Shields


You had 4 spell levels left.
You didn't know any spells.
Your spell library contained the following spells:

 Spells                   Type           Power      Damage    Failure   Level
 Cause Fear               Hex            0%         N/A       100%        4
 Fireball                 Conj/Fire      0%         3d3       100%        5
 Dragon's Call            Summ           0%         N/A       100%        9


Dungeon Overview and Level Annotations

Branches:
Dungeon (3/15)

Altars:

Shops:
D:3 (


Innate Abilities, Weirdness & Mutations

Your spellcasting is much less encumbered by armour.
You can use scrolls of enchantment on lesser artefacts.


Message History

The orc shouts!
The orc priest mumbles some strange prayers to Beogh against you.
Beogh smites you!
You take 14 damage, and have 31/45 hp.
MASSIVE DAMAGE!!
The orc priest calls down the wrath of Beogh upon you.
Beogh smites you!
The orc priest threatens, "Beogh's wrath is as vast as their mercy.
Make your choice!" (press Y on the ability menu to convert to Beogh)
You take 10 damage, and have 21/45 hp.
MASSIVE DAMAGE!!
The orc hits you with a +0 flail. The orc priest closely misses you.
You take 2 damage, and have 19/45 hp.
You barely miss the orc priest. You hit the orc. The orc barely misses you.
The orc priest calls down the wrath of Beogh upon you.
Beogh smites you!
* * * LOW HITPOINT WARNING * * *
You take 12 damage, and have 7/45 hp.
MASSIVE DAMAGE!!
You barely miss the orc priest.
The orc priest shouts, "The Pantheon deserves no one's loyalty.
Let us show you the true path!"
You slash the orc!
You kill the orc!
The orc priest hits you but does no damage.
You barely miss the orc priest.
The orc priest miscasts a cantrip.
You hit the orc priest.
The orc priest is heavily wounded.
The orc priest barely misses you. x2
You hit the orc priest but do no damage.
The orc priest is heavily wounded.
The orc priest hits you with a +0 morningstar.
* * * LOW HITPOINT WARNING * * *
You take 5 damage, and have 3/45 hp.
You hit the orc priest.
The orc priest threatens, "Beogh's wrath is as vast as their mercy.
Make your choice!"
The orc priest is almost dead.
The orc priest completely misses you.
You completely miss the orc priest.
The orc priest is almost dead.
The orc priest calls down the wrath of Beogh upon you.
Beogh smites you!
You die...

#### #### #... ..# ###
#... #.# ##.##
#..#.##.###...#####
#..#...............
###..####.###...####.
##.......#.####.## #.
#...o@........#######.
#...$).##......# #....
#.......##......# #....
#.......##......# ##.###
#.#...#.##......###..#(#
# ##.......##.####...##.
##.........####.#...#
#..............##.(#
...####.#####.##...


You could see an orc priest.

Vanquished Creatures
  A bombardier beetle (D:3)
  A gnoll (D:3)
  4 adders
  3 dart slugs
  2 ribbon worms (D:2)
  3 orcs (D:3)
  4 bats
  5 endoplasms
  2 giant cockroaches
  6 goblins
  4 hobgoblins
  3 jackals
  3 quokkas (D:2)
  8 ball pythons
  7 frilled lizards
  8 kobolds
  6 rats
70 creatures vanquished.

Notes
Turn   | Place    | Note
-------+----------+-------------------------------------------
     0 | D:1      | Dirtsage the Mountain Dwarf Fighter began the quest for the
                  | Orb.
     0 | D:1      | Reached XP level 1. HP: 19/19 MP: 1/1
    22 | D:1      | Reached skill level 3 in Axes
   187 | D:1      | Reached XP level 2. HP: 26/26 MP: 2/2
   421 | D:1      | Reached skill level 4 in Axes
   664 | D:2      | Reached XP level 3. HP: 31/31 MP: 3/3
   864 | D:2      | Found a faded altar of an unknown god.
  1074 | D:2      | Reached skill level 5 in Axes
  1308 | D:2      | Reached XP level 4. HP: 37/38 MP: 4/4
  1390 | D:3      | Found Juutium's Weapon Shoppe.
  1564 | D:3      | Reached skill level 6 in Axes
  1586 | D:3      | Reached XP level 5. HP: 27/45 MP: 5/5
  1778 | D:3      | Killed from afar by an orc priest

Illustrated notes

Levels and vault maps discovered:
D:1:      tarquinn_simple_flora_water_b, layout_rooms, minmay_misc_feat_rows
D:2:      minmay_razor_zed, layout_basic, dreamdust_ecumenical_altar_grove,
          st_stairs_6
D:3:      layout_loops_cross, serial_shops, nicolae_shop_tiny_glass,
          minmay_vboxes

Skill      XL: |  1  2  3  4 |
---------------+-------------+-----
Axes           | 3 4 5 6 |  6.6
Fighting       | |  3.2
Armour         | |  3.2
Shields        | |  3.2

Action                     |  1- 3 |  4- 6 || total
---------------------------+-------+-------++-------
  Melee: War axe           |   138 |    54 ||   192
 Armour: Scale mail        |   107 |    29 ||   136
  Dodge: Dodged            |    77 |    36 ||   113
  Block: Buckler           |    26 |     5 ||    31

Table legend: (Time is in decaauts)
 A = Elapsed time spent in this place.
 B = Non-inter-level travel time spent in this place.
 C = Inter-level travel time spent in this place.
 D = Time resting spent in this place.
 E = Time spent auto-exploring this place.
 F = Levels seen in this place.
 G = Mean time per level.
                   A        B        C        D        E       F      G
               +--------+--------+--------+--------+--------+-----+--------+
         Total |   1836 |   1806 |     30 |      0 |   1376 |   3 |  612.0 |
       Dungeon |   1836 |   1806 |     30 |      0 |   1376 |   3 |  612.0 |
               +--------+--------+--------+--------+--------+-----+--------+

Top non-repeatable levels by time:
     D:2: 870 daAuts
     D:1: 565 daAuts
     D:3: 400 daAuts
